 Dungeon Crawl Stone Soup version 0.26-a0-958-gf3041fb45f (webtiles) character file.

Game seed: 7802134665250479969

140 melchizedek the Grave Robber (level 5, 0/35 HPs)
             Began as a Mummy Necromancer on Nov 30, 2020.
             Slain by an orc wizard
             ... wielding a cursed +0 dagger
              (4 damage)
             ... on level 3 of the Dungeon.
             The game lasted 00:06:45 (2673 turns).

melchizedek the Grave Robber (Mummy Necromancer)    Turns: 2673, Time: 00:06:45

Health: 0/35       AC:  4    Str: 11    XL:     5   Next: 2%
Magic:  0/11       EV: 11    Int: 16    God:
Gold:   138        SH:  0    Dex: 12    Spells: 10/12 levels left

rFire    . . .     SeeInvis .   (no weapon)
rCold    + + .     Faith    .   (no shield)
rNeg     + + +     Spirit   .   b - +0 leather armour
rPois    ∞         Reflect  .   (no helmet)
rElec    .         Harm     .   e - scarf {rC+ rF+}
rCorr    .         Rampage  .   g - +0 pair of gloves
MR       .....                  (no boots)
Stlth    ++........             (no amulet)
HPRegen  0.11/turn              (no ring)
MPRegen  0.12/turn              (no ring)

@: no status effects
A: no potions, fire vulnerability, cold resistance 1, negative energy resistance
3, torment resistance, unbreathing
a: no special abilities


You were on level 3 of the Dungeon.
You visited 1 branch of the dungeon, and saw 3 of its levels.

You collected 138 gold pieces.

Inventory:

Armour
 a - a +0 robe
 b - a +0 leather armour (worn)
 e - a scarf of resistance (worn)
 g - a +0 pair of gloves (worn)
Scrolls
 f - a scroll of amnesia
 h - a scroll of enchant weapon {unknown}


   Skills:
 - Level 1.7 Dodging
 - Level 1.8 Stealth
 + Level 4.0 Spellcasting
 * Level 5.6 Necromancy


You had 10 spell levels left.
You knew the following spells:

 Your Spells              Type           Power        Failure   Level
a - Pain                  Necr           ###.         2%          1
b - Animate Skeleton      Necr           ###...       2%          1

Your spell library contained the following spells:

 Spells                   Type           Power        Failure   Level
 Vampiric Draining        Necr           ###.......   6%          3
 Animate Dead             Necr           ###.......   22%         4
 Agony                    Necr           ###.....     52%         5


Dungeon Overview and Level Annotations

Branches:
Dungeon (3/15)

Altars:
Ashenzari

Annotations:
D:2 1 runed translucent door, Crazy Yiuf


Innate Abilities, Weirdness & Mutations

You do not drink.
Your flesh is vulnerable to fire.
You are immune to poison.
Your flesh is cold resistant. (rC+)
You are immune to negative energy. (rN+++)
You are immune to unholy pain and torment.
You can survive without breathing.


Message History

Aiming: Pain (safe; 2% risk of failure)
Press: ? - help, Shift-Dir - straight line, f/p - orc
Aim: an orc, wielding a +0 short sword and quivering 23 stones (chance to defeat MR: 91%)
Something writhes in agony.
Something hits you but does no damage.
The orc throws a stone.
The stone misses you.
Casting: Pain (safe; 2% risk of failure)
Confirm with . or Enter, or press ? or * to list all spells.
Okay, then.
As you read the scroll labelled PYAKLOTHOEMP, it crumbles to dust.
You feel as if something is helping you.
It was a scroll of remove curse.
The orc throws a stone.
The stone barely misses you.
As you read the scroll labelled PAUSINKU MAEK, it crumbles to dust.
It is a scroll of identify.
f - a scroll of amnesia Something hits you.
* * * LOW HITPOINT WARNING * * *
The orc throws a stone.
The stone hits you but does no damage. Something hits you.
You die...

...........#
.............
...#.#.#...# ..#
#..........#
.......†.### #.#
####........
...#.#.#.# #.#
#..........
##.......###### #.#
####.####.#
#.#.#.#......# #.#
#.# #.#
#.......####.# #.#
####.# #.# ####..###
#o#########....####.#
##.#
#..{@.......##.......
#.#
###################.#
#.# #.# #.# ### #.#
#.# #.# #.# #.# #.#
#.# #.# #.# #.#


You could see an orc.

Vanquished Creatures
  Jessica (D:2)
  3 gnolls (D:3)
  4 adders
  3 dart slugs
  2 leopard geckos
  An orc (D:3)
  8 goblins
  8 hobgoblins
  3 bats
  3 frilled lizards
  2 kobolds
  4 rats
42 creatures vanquished.

Vanquished Creatures (collateral kills)
  A hobgoblin (D:3)
1 creature vanquished.

Grand Total: 43 creatures vanquished

Notes
Turn   | Place    | Note
-------+----------+-------------------------------------------
     0 | D:1      | melchizedek the Mummy Necromancer began the quest for the
                  | Orb.
     0 | D:1      | Reached XP level 1. HP: 13/13 MP: 4/4
    69 | D:1      | Learned a level 1 spell: Animate Skeleton
   225 | D:1      | Reached XP level 2. HP: 19/19 MP: 0/5
   857 | D:2      | Reached XP level 3. HP: 24/24 MP: 3/7
   930 | D:2      | Found a broken altar of Ashenzari.
  1552 | D:2      | Noticed Jessica
  1558 | D:2      | Killed Jessica
  1559 | D:2      | Reached skill level 5 in Necromancy
  1559 | D:2      | Reached XP level 4. HP: 30/30 MP: 3/9
  1774 | D:2      | Found a runed translucent door.
  1775 | D:2      | Noticed Crazy Yiuf
  2669 | D:3      | Reached XP level 5. HP: 9/35 MP: 1/11
  2673 | D:3      | Slain by an orc wizard

Illustrated notes

Levels and vault maps discovered:
D:1:      onia_arrival_mini_maze, layout_rooms
D:2:      layout_loops_ring, overflow_temple_1_default, serial_forest,
          infiniplex_forest_clump_long, infiniplex_forest_lined_room_3,
          infiniplex_forest_corner_1, infiniplex_forest_lined_4_way,
          infiniplex_forest_lined_2, infiniplex_forest_clump_small,
          infiniplex_forest_split, infiniplex_forest_straight_2,
          uniq_crazy_yiuf_cottage, uniq_jessica
D:3:      layout_basic, serial_co_window_serial, co_window_paths_b,
          co_window_paths_b, co_window_cross_1, co_window_of_opportunity_a,
          co_window_paths_a, co_window_unsneaky_path_c, co_window_corner_b,
          co_window_corner_b, co_window_4corner_a, glass_columns_b,
          glass_columns_b, glass_columns_a, glass_columns_a, glass_columns_a

Skill      XL: |  1  2  3  4 |
---------------+-------------+-----
Spellcasting   | 3 4 |  4.0
Necromancy     | 5 |  5.6
Dodging        | |  1.7
Stealth        | |  1.8

Action                   |  1- 3 |  4- 6 || total
-------------------------+-------+-------++-------
Melee: Unarmed           |     8 |       ||     8
 Cast: Pain              |    60 |    42 ||   102
       Animate Skeleton  |     6 |     4 ||    10
  Use: Scroll            |       |     2 ||     2
Armor: Leather armour    |     2 |     8 ||    10
Dodge: Dodged            |    12 |    14 ||    26

Table legend: (Time is in decaauts)
 A = Elapsed time spent in this place.
 B = Non-inter-level travel time spent in this place.
 C = Inter-level travel time spent in this place.
 D = Time resting spent in this place.
 E = Time spent auto-exploring this place.
 F = Levels seen in this place.
 G = Mean time per level.
                   A        B        C        D        E       F      G
               +--------+--------+--------+--------+--------+-----+--------+
         Total |   2672 |   2628 |     44 |    418 |   1705 |   3 |  890.7 |
       Dungeon |   2672 |   2628 |     44 |    418 |   1705 |   3 |  890.7 |
               +--------+--------+--------+--------+--------+-----+--------+

Top non-repeatable levels by time:
     D:2: 1307 daAuts
     D:1: 813 daAuts
     D:3: 551 daAuts
